 Dungeon Crawl Stone Soup version 0.30.1-11-g7821555f0a (webtiles) character file.

Game seed: 12049211900284966614

1416 Nonny the Carver (level 8, -20/65 HPs)
             Began as a Barachi Fighter on Dec 2, 2023.
             Was a Follower of Dithmenos.
             Killed by an exploding scorpion (21 damage)
             ... ignited by their inner flame
             ... on level 5 of the Dungeon.
             The game lasted 00:19:01 (3947 turns).

Nonny the Carver (Barachi Fighter)                  Turns: 3947, Time: 00:19:02

Health: -20/65     AC: 10    Str: 18 (19) XL:     8   Next: 71%
Magic:  8/8        EV: 10    Int:  7 (8)  God:    Dithmenos [*.....]
Gold:   522        SH:  4    Dex: 10 (13) Spells: 7/7 levels left

rFire   . . .        a - +0 long sword
rCold   . . .        c - +0 buckler
rNeg    . . .        b - +0 scale mail
rPois   .            n - +1 helmet
rElec   .            (no cloak)
rCorr   .            h - +0 pair of gloves
SInv    .            (no boots)
Will    .....        d - amulet of magic regeneration
Stlth   +            f - +4 ring of slaying
HPRegen 0.30/turn    (no ring)
MPRegen 0.51/turn

%: no passive effects
@: weakened, unable to hop, wreathed by umbra, studying Necromancy, slow
A: amphibious, slowness 1, strong legs 1, +LOS, deterioration 1, wild magic 1
a: Hop, Renounce Religion


You were on level 5 of the Dungeon.
You worshipped Dithmenos.
Dithmenos was aware of your devotion.
You visited 2 branches of the dungeon, and saw 8 of its levels.
You also visited: Ossuary.

You collected 522 gold pieces.

Inventory:

Hand Weapons
 a - a +0 long sword (weapon)
Missiles
 j - 29 stones
 o - a poisoned dart
 q - 3 javelins
Armour
 b - a +0 scale mail (worn)
 c - a +0 buckler (worn)
 h - a +0 pair of gloves (worn)
 n - a +1 helmet (worn)
Jewellery
 d - an amulet of magic regeneration (around neck)
 f - a +4 ring of slaying (left hand)
 p - an amulet of faith
Scrolls
 i - 2 scrolls of silence {unknown}
 k - a scroll of teleportation
 m - 3 scrolls of enchant armour
 r - a scroll of immolation
 x - a scroll of vulnerability
Potions
 g - 2 potions of curing


   Skills:
 + Level 6.5 Fighting
 + Level 9.6 Long Blades
 + Level 0.3 Throwing
 - Level 4.0 Armour
 + Level 3.1 Dodging
 - Level 3.0 Stealth
 - Level 4.0 Shields


You had 7 spell levels left.
You didn't know any spells.
Your spell library contained the following spells:

 Spells                   Type           Power      Damage    Failure   Level
 Ensorcelled Hibernation  Hex/Ice        0%         N/A       97%         2
 Passwall                 Tmut/Erth      0%         N/A       97%         2
 Swiftness                Air            0%         N/A       99%         3
 Olgreb's Toxic Radiance  Pois           0%         N/A       100%        4
 Discord                  Hex            0%         N/A       100%        8
 Ignition                 Fire           0%         3d3       100%        8


Dungeon Overview and Level Annotations

Branches:
Dungeon (7/15)             Temple (1/1) D:4         Ossuary (visited)

Altars:
Ashenzari
Cheibriados
Dithmenos
Elyvilon
Kikubaaqudgha
Okawaru
Qazlal
Vehumet

Annotations:
D:3 ice beast


Innate Abilities, Weirdness & Mutations

You are amphibious.
You cover ground slowly.
You can hop short distances.
You have an extended range of vision and can be seen from far away.
Your body sometimes deteriorates upon taking damage.
Your spells are a little harder to cast, but a little more powerful.


Message History

The bat attacks as you move away! The bat barely misses you.
Found a leather armour.
The bat barely misses you. The bat completely misses you.
The scorpion closely misses you. The scorpion attacks as you move away!
The scorpion barely misses you. The bat hits you but does no damage.
The bat closely misses you. You block the bat's attack.
The bat hits you but does no damage.
The scorpion stings you but does no damage.
There is a stone staircase leading up here.
You slash the bat!
You kill the bat!
Dithmenos accepts your kill. The bat hits you.
* * * LOW HITPOINT WARNING * * *
The bat hits you but does no damage. The scorpion barely misses you.
The gnoll hits you from afar with a +0 spear.
* * * LOW HITPOINT WARNING * * *
Really read the scroll of immolation?
As you read the scroll of immolation, it crumbles to dust.
The creatures around you are filled with an inner flame!
The bat barely misses you.
The gnoll bouda gazes fiercely through you!
You feel your attacks grow feeble. The scorpion barely misses you.
You block the gnoll's attack. The bat hits you but does no damage.
Unknown command.
You slash the bat! Dithmenos accepts your kill.
The bat explodes!
The fiery explosion engulfs the gnoll!!
Dithmenos accepts your kill.
The fiery explosion engulfs the gnoll!
Dithmenos accepts your kill.
The fiery explosion engulfs the scorpion!
Dithmenos accepts your kill. The fiery explosion engulfs you!
* * * LOW HITPOINT WARNING * * *
The scorpion explodes!
The fiery explosion engulfs you!!
You die...

###..####.#.#.##....##.#
#....##g#.#....####..
#.##..#.#.#....# ...
#......g#......# #...
######.....#...#.....
#####.g..b..# #..§.##b#
#..[...#§§§..###
#......#§§@....#
#......########....
#......' . #......#
#......# #......


You could see a gnoll bouda (inner flame), a gnoll and a bat (inner flame).

Vanquished Creatures
  A komodo dragon (D:7)
  A steam dragon (D:6)
  2 water moccasins
  A sky beast (D:6)
  3 centaurs
  A scorpion (D:5)
  A hound (D:4)
  A jelly (D:5)
  An orc priest (D:4)
  2 sleepcaps
  2 iguanas (D:4)
  8 mummies (Ossuary)
  6 gnolls (D:5)
  4 adders
  A white imp (D:5)
  3 worms
  3 dart slugs
  6 orcs
  9 bats
  12 endoplasms
  2 giant cockroaches
  7 goblins
  9 hobgoblins
  8 jackals (D:1)
  2 quokkas (D:2)
  7 ball pythons
  6 frilled lizards
  A gnoll zombie (Ossuary)
  A hobgoblin zombie (Ossuary)
  6 kobolds
  4 kobold zombies (Ossuary)
  2 orc zombies (Ossuary)
  2 rats
  A butterfly (D:4)
126 creatures vanquished.

Notes
Turn   | Place    | Note
-------+----------+-------------------------------------------
     0 | D:1      | Nonny the Barachi Fighter began the quest for the Orb.
     0 | D:1      | Reached XP level 1. HP: 18/18 MP: 1/1
    68 | D:1      | Reached XP level 2. HP: 21/25 MP: 2/2
   229 | D:1      | Reached skill level 3 in Long Blades
   253 | D:1      | Reached XP level 3. HP: 29/30 MP: 3/3
   294 | D:1      | staff of cold south of starting vault
   634 | D:2      | Butterfly gardens
  1038 | D:2      | Reached XP level 4. HP: 32/37 MP: 4/4
  1433 | D:3      | Found a white marble altar of Elyvilon.
  1433 | D:3      | Found an iron altar of Okawaru.
  1451 | D:3      | Noticed a water moccasin
  1461 | D:3      | Killed a water moccasin
  1462 | D:3      | Reached skill level 5 in Long Blades
  1462 | D:3      | Reached skill level 1 in Dodging
  1462 | D:3      | Reached XP level 5. HP: 19/43 MP: 5/5
  1966 | D:4      | Noticed an ice beast
  2099 | D:4      | Reached XP level 6. HP: 43/50 MP: 6/6
  2203 | D:4      | Found a staircase to the Ecumenical Temple.
  2231 | Temple   | Entered the Ecumenical Temple
  2236 | Temple   | Became a worshipper of Dithmenos the Shadowed
  2414 | D:4      | Reached skill level 5 in Fighting
  2467 | D:4      | manual of necromancy in northeast
  2478 | D:4      | Reached skill level 6 in Long Blades
  2489 | D:4      | Reached skill level 1 in Stealth
  2506 | D:4      | Reached XP level 7. HP: 25/56 MP: 7/7
  2671 | D:4      | You fall into a shaft and drop 3 floors!
  2709 | D:7      | Noticed a komodo dragon
  2730 | D:7      | Killed a komodo dragon
  2731 | D:7      | Reached skill level 7 in Long Blades
  2805 | D:7      | Reached skill level 8 in Long Blades
  2805 | D:7      | Reached XP level 8. HP: 27/64 MP: 8/8
  2827 | D:7      | Found a sand-covered staircase.
  2829 | D:7      | Ossuary in east.
  2831 | Ossuary  | Entered an ossuary
  3012 | Ossuary  | Reached * piety under Dithmenos
  3711 | D:6      | Reached skill level 9 in Long Blades
  3790 | D:5      | Entered Level 5 of the Dungeon
  3886 | D:5      | Gained mutation: Your body sometimes deteriorates upon
                  | taking damage. [potion of mutation]
  3886 | D:5      | Gained mutation: Your spells are a little harder to cast,
                  | but a little more powerful. [potion of mutation]
  3887 | D:5      | HP: 2/65 [gnoll/+0 whip[a gnoll bouda] (5)]
  3947 | D:5      | HP: 1/65 [spore (10)]
  3947 | D:5      | Killed by an exploding scorpion... ignited by their inner
                  | flame

Illustrated notes

.......#..#'#+#♣.♣#......#
...#####..........#......#
...#####.########.#.†....#
...'.........# #........#
...#########.#######.....#
...# #...........#.....# ...#
#...........#........
...#####................>.###
......######.#..@........##
.####.# #.#...........#
.#..#.# #.............#
....#.###########........#
#####...........#........
...##...........#........
##.##...........#........
#.##...........#........
#..†...........#........


Turn 294 on D:1: staff of cold south of starting vault .......# .......## ###
........# #.. #####'#######.######## #.......##.##..P.P# #....##.##.######.#
####....##.##......#P# ...'...............#.# ###'...###.##...@..#P# # ####.#
#.##......#.# ######.###.###.....#P# #....#.....#########.#
######.####....#.P...# ######.####....####### ..#.......'....# ..#.#######.....#
.##.# #.....# Turn 634 on D:2: Butterfly gardens #.########### .oo.o...@...#
#.o##..##.#.# #.c###.#..# # #.##:###..#..## #.#.#.##..##..## #....#...#.#.##
#....##.##..# ##.........## ##.....#....# Turn 2467 on D:4: manual of necromancy
in northeast ,,,...........##.# ,,,###........##.# *****#...........####
,,,,.........#...o$.## ****##.#.#####..#o.#.# *,#.* *#..###...#
*<*,**#..##.##..# *,*,*#..##.∩.##.# ****,*,*#..,*#@##..# *,,,,*,...,,,##oo.##
*,,,,**###**,,#..## *,,,** **....# **,** ####.# *,* #.# *,* #.# *,* #.#
*,************#.# Turn 2829 on D:7: Ossuary in east.

Levels and vault maps discovered:
D:1:      sevenhm_arrival_forest_fort_small_3, layout_basic
D:2:      layout_basic, serial_aquarium, aquarium_bridge_square
          [aquarium_subvault_window, aquarium_subvault_bridge,
          aquarium_subvault_bridge, aquarium_subvault_wall],
          aquarium_window_corridor_1, aquarium_window_fake, aquarium_view_2b,
          aquarium_view_2d, aquarium_balcony_5b
D:3:      layout_basic, mainiacjoe_overflow_catwalk_spiral, serial_bayou_lake_a
D:4:      layout_rooms, minmay_temple_entry_butterflies, minmay_manual_mess
D:5:      layout_basic, portal_sewer_entry_b, roderic_batcave
D:6:      layout_layer_cave, ebering_ghost_disaster_area,
          minmay_fractal_squares_5
D:7:      layout_loops_ring, enter_ossuary_5
Temple:   nicolae_temple_bog_church

Skill      XL: |  1  2  3  4  5  6  7  8 |
---------------+-------------------------+-----
Armour         | 4 |  4.0
Long Blades    | 3 5 6 8 9 |  9.6
Fighting       | 4 5 6 |  6.5
Dodging        | 1 2 3 |  3.1
Shields        | 4 |  4.0
Stealth        | 1 2 3 |  3.0
Throwing       | |  0.3

Action                     |  1- 3 |  4- 6 |  7- 9 || total
---------------------------+-------+-------+-------++-------
  Melee: Long sword        |   162 |   134 |   146 ||   442
  Throw: Dart              |       |       |     3 ||     3
Ability: Hop               |     1 |       |     3 ||     4
    Use: Scroll            |       |     5 |    10 ||    15
         Potion            |       |     5 |    13 ||    18
 Armour: Scale mail        |    90 |    63 |   106 ||   259
  Dodge: Dodged            |    78 |    70 |   108 ||   256
  Block: Buckler           |    37 |    42 |    55 ||   134
